[Event "Turkey IS Bank Super League 2017"]
[Site "Darica-Kocaeli"]
[Date "2017.07.29"]
[Round "4"]
[White "Karavade, Eesha"]
[Black "Yildiz, Betul Cemre"]
[Result "1/2-1/2"]
[ECO "C54"]
[WhiteElo "2397"]
[BlackElo "2326"]
[Annotator "NA"]
[PlyCount "83"]
[EventType "team-tourn"]
[EventCountry "TUR"]
[SourceTitle "playchess.com"]
[Source "ChessBase"]
[SourceQuality "1"]
[TimeControl "40/5400+30:1800+30"]

1. e4 e5 2. Nf3 Nc6 3. Bc4 Bc5 4. c3 Nf6 5. d3 d6 6. O-O h6 7. Nbd2 O-O 8. Re1 a6 9. Bb3 Ba7 10. h3 Ne7 {[%emt 0:05:30] LiveBook: 57 Games} 11. Nf1 Ng6 12. Ng3 c6 $14 13. d4 Qc7 14. Be3 Re8 15. Qd2 Kh7 16. Rad1 Be6 17. Qc2 Bxb3 18. axb3 exd4 19. Bxd4 Bxd4 20. Nxd4 d5 21. Ndf5 dxe4 22. Nxe4 Nxe4 23. Rxe4 Rad8 24. Rde1 Rxe4 25. Rxe4 Rd5 26. Ne3 Re5 27. b4 a5 28. Rxe5 Qxe5 29. bxa5 Qxa5 30. g3 Kg8 31. Kg2 Qg5 32. Qe4 Qe5 33. Qxe5 Nxe5 34. f4 Nd7 35. Kf3 Kf8 36. g4 g6 37. h4 Ke7 38. Ke4 Nc5+ 39. Kd4 Ne6+ 40. Ke4 Nc5+ 41. Kd4 Ne6+ 42. Ke4 1/2-1/2

[Event "Turkey IS Bank Super League 2017"]
[Site "Darica-Kocaeli"]
[Date "2017.07.29"]
[Round "4"]
[White "Ozen, Deniz"]
[Black "Yazici, Ugur Doga"]
[Result "1-0"]
[ECO "C65"]
[WhiteElo "2351"]
[BlackElo "2144"]
[Annotator "NA"]
[PlyCount "41"]
[EventType "team-tourn"]
[EventCountry "TUR"]
[SourceTitle "playchess.com"]
[Source "ChessBase"]
[SourceQuality "1"]
[TimeControl "40/5400+30:1800+30"]

1. e4 e5 2. Nf3 Nc6 3. Bb5 Nf6 4. d3 Bc5 {[%emt 0:00:00] LiveBook: 2404 Games} 5. Be3 Bxe3 6. fxe3 d6 7. c3 O-O 8. O-O Bd7 9. Nbd2 Re8 10. Qe2 a6 11. Ba4 d5 12. exd5 Nxd5 13. Ne4 Na5 $2 (13... h6 $16) 14. Bxd7 Qxd7 $18 15. c4 Nb4 16. Nfg5 Qxd3 17. Qh5 h6 18. Rxf7 Rf8 19. Raf1 hxg5 20. Nxg5 Qxf1+ 21. Kxf1 1-0

[Event "Turkey IS Bank Super League 2017"]
[Site "Darica-Kocaeli"]
[Date "2017.07.29"]
[Round "4"]
[White "Gokerkan, Cem Kaan"]
[Black "Kesgin, Halit Kaan"]
[Result "1-0"]
[ECO "C07"]
[WhiteElo "2321"]
[BlackElo "2207"]
[Annotator "NA"]
[PlyCount "113"]
[EventType "team-tourn"]
[EventCountry "TUR"]
[SourceTitle "playchess.com"]
[Source "ChessBase"]
[SourceQuality "1"]
[TimeControl "40/5400+30:1800+30"]

1. e4 e6 2. d4 d5 3. Nd2 c5 4. exd5 Qxd5 5. Ngf3 cxd4 6. Bc4 Qd6 7. O-O Nf6 8. Nb3 Nc6 9. Nbxd4 Nxd4 10. Nxd4 a6 11. Re1 Qc7 12. Qe2 Bd6 13. Bg5 {[%emt 0:03:30] LiveBook: 62 Games} O-O 14. h3 $11 ({White should try} 14. Bxf6 $14 gxf6 15. Bd3) 14... b5 15. Bxf6 gxf6 16. Bd3 f5 17. Qh5 Be5 18. Nf3 Bxb2 19. Rab1 Bg7 20. Rb4 h6 21. g4 fxg4 22. Rxg4 f5 23. Qxh6 Rd8 24. Rg6 Kf8 25. Rf6+ Kg8 26. Rg6 Kf8 27. Qh7 Qf7 28. Ng5 Qg8 29. Qxg8+ Kxg8 30. Nxe6 Bxe6 31. Rexe6 Kf7 32. Rxa6 Rxa6 33. Rxa6 b4 34. Ra7+ Kf8 35. Ra5 Bd4 36. Rxf5+ Kg7 37. Kg2 Ra8 38. Rf4 Bc3 39. Bc4 Rd8 40. Bd3 Ra8 41. Bc4 Rd8 42. Re4 Kf6 43. Kg3 Rd2 44. Bd3 Rd1 45. f4 Ra1 46. Bc4 Kf5 47. Kf3 Rc1 48. Bd3 Kf6 49. Rc4 Ra1 50. Rc6+ Kg7 51. Rg6+ Kf7 52. Ra6 Kg7 53. f5 Bf6 54. Rb6 Bc3 55. Rg6+ Kf8 56. Bc4 Rc1 57. f6 1-0

[Event "Turkey IS Bank Super League 2017"]
[Site "Darica-Kocaeli"]
[Date "2017.07.29"]
[Round "4"]
[White "Akhsharumova, Anna M"]
[Black "Unuk, Laura"]
[Result "1-0"]
[ECO "C11"]
[WhiteElo "2310"]
[BlackElo "2343"]
[Annotator "NA"]
[PlyCount "61"]
[EventType "team-tourn"]
[EventCountry "TUR"]
[SourceTitle "playchess.com"]
[Source "ChessBase"]
[SourceQuality "1"]
[TimeControl "40/5400+30:1800+30"]

1. e4 e6 2. d4 d5 3. Nc3 Nf6 4. e5 Nfd7 5. f4 c5 {[%emt 0:00:00] LiveBook: 6931 Games} 6. Nf3 Be7 7. Be3 b6 8. h4 Nc6 9. h5 f5 10. exf6 Bxf6 $14 11. Qd2 O-O 12. O-O-O c4 13. g4 b5 14. h6 g6 15. f5 b4 16. Ne2 Qa5 17. Kb1 c3 18. Qe1 Nb6 19. fxg6 Nc4 20. gxh7+ Kf7 21. Nc1 Qa3 22. Nd3 Nxb2 23. Bc1 Ba6 24. Bxb2 cxb2 25. Nde5+ Bxe5 26. Nxe5+ Nxe5 27. Qxe5 b3 28. cxb3 Rac8 29. Bxa6 Qxa6 30. Qg7+ Ke8 31. Qxf8+ 1-0

[Event "Turkey IS Bank Super League 2017"]
[Site "Darica-Kocaeli"]
[Date "2017.07.29"]
[Round "4"]
[White "Agdelen, Huseyin Can"]
[Black "Agirsoy, Omer Faruk"]
[Result "0-1"]
[ECO "C88"]
[WhiteElo "2309"]
[BlackElo "1678"]
[Annotator "NA"]
[PlyCount "114"]
[EventType "team-tourn"]
[EventCountry "TUR"]
[SourceTitle "playchess.com"]
[Source "ChessBase"]
[SourceQuality "1"]
[TimeControl "40/5400+30:1800+30"]

1. e4 e5 2. Nf3 Nc6 3. Bb5 a6 4. Ba4 Nf6 5. O-O Be7 6. Re1 b5 7. Bb3 O-O 8. h3 Bb7 9. d3 d5 10. exd5 Nxd5 11. Nxe5 Nd4 12. Nc3 {[%emt 0:12:30] LiveBook: 39 Games} Nb4 $11 13. Ne2 Nxb3 14. axb3 Bd6 15. d4 Bxe5 16. dxe5 Qxd1 17. Rxd1 Nxc2 18. Rb1 Rfd8 19. Bg5 Rd5 20. Rbc1 Rxe5 21. Rxc2 Rxg5 22. g4 Bf3 23. Rd7 h5 24. Ng3 hxg4 25. Rcxc7 Rf8 26. h4 Rd5 27. Rxd5 Bxd5 28. b4 Re8 29. Nf5 Re1+ 30. Kh2 Bf3 31. Kg3 Re2 32. b3 Rb2 33. Nd4 Bd1 34. Ra7 Rd2 35. Nf5 Rd3+ 36. Ne3 Rxb3 37. Rxa6 Bf3 38. Rb6 Rxb4 39. Nc2 Rc4 40. Ne3 Rb4 41. h5 Be2 42. Rb8+ Kh7 43. Rb7 f6 44. Rd7 Kh6 45. Nf5+ Kxh5 46. Rxg7 Bd3 47. Ne3 Bg6 48. f3 gxf3 49. Kxf3 Rd4 50. Rc7 Be4+ 51. Kg3 b4 52. Rc5+ Kg6 53. Rb5 f5 54. Rb8 Bd3 55. Kf3 Be4+ 56. Kg3 Kf6 57. Rb5 f4+ 0-1

[Event "Turkey IS Bank Super League 2017"]
[Site "Darica-Kocaeli"]
[Date "2017.07.29"]
[Round "4"]
[White "Buyukasik, Diyap"]
[Black "Soysal, Serkan"]
[Result "1-0"]
[ECO "D02"]
[WhiteElo "2285"]
[BlackElo "2367"]
[Annotator "NA"]
[PlyCount "83"]
[EventType "team-tourn"]
[EventCountry "TUR"]
[SourceTitle "playchess.com"]
[Source "ChessBase"]
[SourceQuality "1"]
[TimeControl "40/5400+30:1800+30"]

1. Nf3 d5 2. g3 g6 3. Bg2 Bg7 4. d4 Nf6 5. O-O O-O 6. Bf4 c5 7. dxc5 Na6 {[%emt 0:01:30] LiveBook: 21 Games} 8. Qc1 Nxc5 9. Be5 b6 10. Rd1 $11 Ba6 11. Nc3 e6 12. Nd4 Re8 13. Ndb5 Nfe4 14. Bxg7 Kxg7 15. Bxe4 Nxe4 16. Qe3 Nf6 17. Qe5 Bxb5 18. Nxb5 Re7 19. c4 Rc8 20. g4 h6 21. h4 Rxc4 22. g5 hxg5 23. hxg5 Rg4+ 24. Kf1 Kg8 25. Qxf6 Qd7 26. Rac1 Rh4 27. Rc7 Rh1+ 28. Kg2 Rxd1 29. Rxd7 Rxd7 30. Nc7 d4 31. Qe5 d3 32. exd3 R1xd3 33. Ne8 Kf8 34. Nf6 R7d6 35. Qb5 Rd8 36. Qa6 Rd2 37. b3 b5 38. Qxa7 b4 39. Qc5+ Kg7 40. Qxb4 Rxa2 41. Qc3 Kf8 42. b4 1-0

[Event "Turkey IS Bank Super League 2017"]
[Site "Darica-Kocaeli"]
[Date "2017.07.29"]
[Round "4"]
[White "Burcu, Cagatay"]
[Black "Gundogan, Cem"]
[Result "1-0"]
[ECO "E11"]
[WhiteElo "2268"]
[BlackElo "2062"]
[Annotator "NA"]
[PlyCount "117"]
[EventType "team-tourn"]
[EventCountry "TUR"]
[SourceTitle "playchess.com"]
[Source "ChessBase"]
[SourceQuality "1"]
[TimeControl "40/5400+30:1800+30"]

1. d4 e6 2. c4 Bb4+ 3. Nd2 Nf6 4. Ngf3 O-O 5. a3 Bxd2+ 6. Bxd2 Ne4 7. g3 d6 $14 {[%emt 0:19:30] LiveBook: 21 Games} 8. Bg2 Qe7 9. O-O e5 10. Be3 f5 11. dxe5 dxe5 12. Qd5+ Be6 13. Qxe5 Nc6 14. Qb5 a6 15. Qxb7 Na5 16. Qb4 Qxb4 17. axb4 Nxc4 18. Bd4 Rfb8 19. Bc3 a5 20. bxa5 Nxc3 21. bxc3 Rxa5 22. Rxa5 Nxa5 23. Nd4 Bc4 24. Ra1 Nb3 25. Rb1 Rb6 26. Nxf5 Kf8 27. Bf1 Ra6 28. Ne3 Be6 29. Bg2 Ra3 30. Bd5 Bxd5 31. Nxd5 c6 32. Ne3 Nd2 33. Rb2 Ne4 34. c4 Ke7 35. Rb7+ Kf6 36. Rb6 Ra2 37. Rxc6+ Kf7 38. Kg2 Nc3 39. Rc7+ Kf6 40. Nd5+ Nxd5 41. cxd5 Rxe2 42. h4 Rd2 43. Rd7 h5 44. Kf3 Rd1 45. d6 Rd5 46. Rd8 Ke6 47. Kg2 Rd1 48. d7 Rd5 49. Re8+ Kxd7 50. Rg8 Ke6 51. Rxg7 Kf6 52. Rg8 Ra5 53. Rg5 Rxg5 54. hxg5+ Kxg5 55. Kh3 Kg6 56. Kh4 Kh6 57. f3 Kg6 58. f4 Kh6 59. f5 1-0

[Event "Turkey IS Bank Super League 2017"]
[Site "Darica-Kocaeli"]
[Date "2017.07.29"]
[Round "4"]
[White "Apaydin, Fethi"]
[Black "Yelken, Mustafa"]
[Result "1-0"]
[ECO "D01"]
[WhiteElo "2258"]
[BlackElo "2171"]
[Annotator "NA"]
[PlyCount "130"]
[EventType "team-tourn"]
[EventCountry "TUR"]
[SourceTitle "playchess.com"]
[Source "ChessBase"]
[SourceQuality "1"]
[TimeControl "40/5400+30:1800+30"]

1. d4 Nf6 2. Bg5 d5 3. Nc3 Nbd7 4. Qd3 c5 5. O-O-O c4 6. Qg3 Qa5 $11 7. e4 b5 8. e5 b4 9. exf6 gxf6 10. Nxd5 Qxd5 11. Be3 Nb6 12. Qf3 Bb7 13. Qxd5 Nxd5 14. Nh3 e6 15. Nf4 Bd6 16. Nh5 Ke7 17. Re1 Rhg8 18. Ng3 Rac8 19. Kb1 f5 20. Bc1 Kd7 21. Be2 Nf6 22. Bf3 Bxf3 23. gxf3 Nd5 24. Bd2 Rg6 25. c3 bxc3 26. bxc3 Rh8 27. Kc2 h5 28. Kd1 h4 29. Nf1 Rg2 30. Ke2 Rb8 31. Ne3 Nxe3 32. Kxe3 Rb2 33. h3 Rxa2 34. Ra1 Rxa1 35. Rxa1 Bb8 36. Rb1 Bc7 37. Rb7 a5 38. Ke2 Kc6 39. Ra7 Rg8 40. d5+ exd5 41. Ra6+ Kb7 42. Rf6 a4 43. Bc1 Rg1 44. Ba3 Ra1 45. Bd6 a3 46. Rxf7 a2 47. Bxc7 Rb1 48. Be5+ Kc6 49. Ra7 a1=Q 50. Rxa1 Rxa1 51. Bf6 Rh1 52. Bxh4 Rxh3 53. Bf6 Rh6 54. Bd4 Re6+ 55. Kd2 Kb5 56. f4 Rh6 57. Kc2 Rh3 58. Be3 Ka4 59. Kb2 Rh1 60. Kc2 Ka3 61. Bc5+ Ka2 62. Be3 Rb1 63. Bc1 Rxc1+ 64. Kxc1 Kb3 65. Kd2 Kb2 1-0

[Event "Turkey IS Bank Super League 2017"]
[Site "Darica-Kocaeli"]
[Date "2017.07.29"]
[Round "4"]
[White "Isgandarova, Khayala"]
[Black "Kose, Ulya"]
[Result "1-0"]
[ECO "B42"]
[WhiteElo "2257"]
[BlackElo "1591"]
[Annotator "NA"]
[PlyCount "49"]
[EventType "team-tourn"]
[EventCountry "TUR"]
[SourceTitle "playchess.com"]
[Source "ChessBase"]
[SourceQuality "1"]
[TimeControl "40/5400+30:1800+30"]

1. e4 c5 2. Nf3 e6 3. d4 cxd4 4. Nxd4 a6 5. Bd3 Nc6 6. Nxc6 dxc6 7. O-O e5 8. a4 a5 9. Nd2 Nf6 10. Nc4 Qc7 11. Be3 Nd7 $16 12. f4 b5 13. axb5 cxb5 14. Nxe5 Nxe5 15. fxe5 Qxe5 16. Kh1 Bd7 17. Qf3 f6 18. Bf4 Qxb2 19. e5 Rc8 20. exf6 gxf6 21. Rae1+ Kd8 22. Qd5 Rc5 23. Qa8+ Bc8 24. Qxa5+ Kd7 25. Qa7+ 1-0

[Event "Turkey IS Bank Super League 2017"]
[Site "Darica-Kocaeli"]
[Date "2017.07.29"]
[Round "4"]
[White "Avramidou, Anastasia"]
[Black "Ozbay, Ece"]
[Result "1-0"]
[ECO "D17"]
[WhiteElo "2247"]
[BlackElo "1970"]
[Annotator "NA"]
[PlyCount "61"]
[EventType "team-tourn"]
[EventCountry "TUR"]
[SourceTitle "playchess.com"]
[Source "ChessBase"]
[SourceQuality "1"]
[TimeControl "40/5400+30:1800+30"]

1. d4 d5 2. c4 c6 3. Nf3 Nf6 4. Nc3 dxc4 5. a4 Bf5 {[%emt 0:00:00] LiveBook: 10757 Games} 6. Nh4 Bg6 7. Nxg6 hxg6 8. e3 e6 9. Bxc4 Bd6 10. h3 Nbd7 11. Qb3 Qb6 12. Qc2 $11 a5 13. Bd2 Rc8 14. Rd1 O-O 15. O-O Bb8 16. Bc1 c5 17. d5 Ne5 18. Bb5 g5 19. Ne4 Nxe4 20. Qxe4 f5 21. Qc2 exd5 22. Rxd5 g4 23. Qd1 gxh3 24. Rxe5 hxg2 25. Re1 Qh6 26. Kxg2 Rf6 27. Qd5+ Kf8 28. Rh1 Rg6+ 29. Kf1 Qxh1+ 30. Qxh1 Bxe5 31. Qh8+ 1-0

[Event "Turkey IS Bank Super League 2017"]
[Site "Darica-Kocaeli"]
[Date "2017.07.29"]
[Round "4"]
[White "Kinsiz, Onur"]
[Black "Ererdem, Gani Eren"]
[Result "1/2-1/2"]
[ECO "B40"]
[WhiteElo "2221"]
[BlackElo "2090"]
[Annotator "NA"]
[PlyCount "82"]
[EventType "team-tourn"]
[EventCountry "TUR"]
[SourceTitle "playchess.com"]
[Source "ChessBase"]
[SourceQuality "1"]
[TimeControl "40/5400+30:1800+30"]

1. e4 c5 2. Nf3 e6 3. g3 Nc6 4. Bg2 Nf6 5. Qe2 d5 6. exd5 Nxd5 7. O-O Be7 8. Rd1 e5 9. c3 {[%emt 0:17:30] LiveBook: 5 Games} Bg4 10. Na3 $15 (10. h3 $11 Bh5 11. d4 exd4 12. g4) 10... O-O 11. h3 Bh5 12. d3 f6 13. Nc2 Re8 14. g4 Bf7 15. Qf1 Qd7 16. d4 exd4 17. cxd4 c4 18. Ne3 b5 19. Ne1 Rad8 20. Nxd5 Bxd5 21. Be3 Nb4 22. a4 a6 23. axb5 axb5 24. Qe2 Bd6 25. Qd2 Bxg2 26. Nxg2 Nd5 27. Bf4 Bb4 28. Qc2 Re6 29. Bc1 Rde8 30. Qf5 R6e7 31. Qxd7 Rxd7 32. Be3 Bd6 33. Ra5 Rb7 34. Rc1 Bb4 35. Ra2 Nxe3 36. fxe3 Bd2 37. Rd1 Bxe3+ 38. Kf1 Bh6 39. d5 Kf7 40. Ra6 Rd8 41. Rc6 Ke7 1/2-1/2

[Event "Turkey IS Bank Super League 2017"]
[Site "Darica-Kocaeli"]
[Date "2017.07.29"]
[Round "4"]
[White "Bolat, Ahmet"]
[Black "Ozates, Tuna"]
[Result "0-1"]
[ECO "D01"]
[WhiteElo "2178"]
[BlackElo "2291"]
[Annotator "NA"]
[PlyCount "92"]
[EventType "team-tourn"]
[EventCountry "TUR"]
[SourceTitle "playchess.com"]
[Source "ChessBase"]
[SourceQuality "1"]
[TimeControl "40/5400+30:1800+30"]

1. d4 d5 2. Nc3 Nf6 3. Bg5 c5 4. Bxf6 gxf6 5. e3 Nc6 6. Qh5 e6 7. Nf3 Bd7 {[%emt 0:02:30] LiveBook: 6 Games} 8. O-O-O f5 9. dxc5 ({Much weaker is} 9. Ng5 Qf6 $15) 9... Bxc5 10. Qh6 (10. g4 $14 fxg4 11. Qxg4) 10... Qe7 11. Nb5 O-O-O $15 12. Qf4 e5 13. Qh6 Be6 14. Ng5 a6 15. Nc3 Kb8 16. Nxe6 fxe6 17. Ne2 Rc8 18. Kb1 Na5 19. Nc1 Rc6 20. Nb3 Bb6 21. c3 Rhc8 22. g4 Nc4 23. gxf5 exf5 24. Qh5 Qd7 25. Bh3 Rf8 26. e4 d4 27. Bxf5 Qe7 28. cxd4 exd4 29. Qxh7 Qxh7 30. Bxh7 Rxf2 31. Nxd4 Rxb2+ 32. Ka1 Rh6 33. Bg8 Rb4 34. Nf5 Bc7 35. Rd5 Rhb6 36. Nd4 Ne3 37. Nb3 Nxd5 38. Bxd5 Be5+ 39. Kb1 a5 40. Kc2 Rh6 41. h4 Rg6 42. a3 Rg2+ 43. Kd1 Rb5 44. a4 Rb4 45. Rf1 Rxa4 46. Rf5 Raa2 0-1

[Event "Turkey IS Bank Super League 2017"]
[Site "Darica-Kocaeli"]
[Date "2017.07.29"]
[Round "4"]
[White "Dolgun, Can"]
[Black "Tuna, Alp"]
[Result "1-0"]
[ECO "B18"]
[WhiteElo "2104"]
[BlackElo "2280"]
[Annotator "NA"]
[PlyCount "41"]
[EventType "team-tourn"]
[EventCountry "TUR"]
[SourceTitle "playchess.com"]
[Source "ChessBase"]
[SourceQuality "1"]
[TimeControl "40/5400+30:1800+30"]

1. e4 c6 2. d4 d5 3. Nc3 dxe4 4. Nxe4 Bf5 5. Ng3 Bg6 6. h4 h6 7. N1e2 e6 8. Nf4 Bh7 {[%emt 0:00:30] LiveBook: 166 Games} 9. Bc4 Nf6 10. Qe2 Bd6 11. Ngh5 O-O $11 12. g4 Nxh5 13. Nxh5 e5 14. Bxh6 gxh6 15. Qd2 Bb4 16. Qxb4 Qxd4 17. Nf6+ Kg7 18. c3 Na6 19. Qxf8+ Rxf8 20. Nh5+ Kg8 21. cxd4 1-0

[Event "Turkey IS Bank Super League 2017"]
[Site "Darica-Kocaeli"]
[Date "2017.07.29"]
[Round "4"]
[White "Ozenir, Ekin Baris"]
[Black "Unat, Can Haktan"]
[Result "1-0"]
[ECO "A45"]
[WhiteElo "2098"]
[BlackElo "2006"]
[Annotator "NA"]
[PlyCount "69"]
[EventType "team-tourn"]
[EventCountry "TUR"]
[SourceTitle "playchess.com"]
[Source "ChessBase"]
[SourceQuality "1"]
[TimeControl "40/5400+30:1800+30"]

1. d4 Nf6 2. Bg5 e6 3. e4 h6 4. Bxf6 Qxf6 5. Qd2 d6 6. Nc3 Nd7 7. O-O-O Qd8 8. f4 Be7 9. Nf3 O-O $16 (9... a6 $11) 10. Bd3 a6 11. e5 dxe5 12. dxe5 Bb4 13. a3 Ba5 14. f5 Nc5 15. b4 Qxd3 16. Qxd3 Nxd3+ 17. Rxd3 Bb6 18. f6 a5 19. b5 a4 20. Nd2 Bc5 21. Nce4 Ba7 22. fxg7 Kxg7 23. Rf1 c6 24. Rg3+ Kh8 25. Rf6 Kh7 26. Rf4 f5 27. Nf6+ Rxf6 28. exf6 h5 29. f7 Bc5 30. Rg8 Bxa3+ 31. Kb1 cxb5 32. Rh4 Kh6 33. g4 fxg4 34. Ne4 Bd7 35. Nf6 1-0

[Event "Turkey IS Bank Super League 2017"]
[Site "Darica-Kocaeli"]
[Date "2017.07.29"]
[Round "4"]
[White "Arda, Cagil Irmak"]
[Black "Kargaci, Humeyra"]
[Result "1/2-1/2"]
[ECO "D87"]
[WhiteElo "2080"]
[BlackElo "1737"]
[Annotator "NA"]
[PlyCount "114"]
[EventType "team-tourn"]
[EventCountry "TUR"]
[SourceTitle "playchess.com"]
[Source "ChessBase"]
[SourceQuality "1"]
[TimeControl "40/5400+30:1800+30"]

1. d4 Nf6 2. c4 g6 3. Nc3 d5 4. cxd5 Nxd5 5. e4 Nxc3 6. bxc3 Bg7 7. Bc4 c5 8. Ne2 Nc6 9. Be3 O-O 10. h4 h5 11. Rc1 Na5 12. Bd3 c4 13. Bb1 Qc7 14. e5 Rd8 15. Nf4 Bg4 16. Qa4 e6 17. f3 Bf5 18. Bxf5 exf5 19. Kf2 Rab8 20. Rb1 a6 21. e6 b5 22. exf7+ Kxf7 23. Qc2 Qd6 24. Nh3 Qc6 25. Bf4 Rbc8 26. Ng5+ Kg8 27. Rhe1 Re8 28. Qd2 Qd5 29. Rxe8+ Rxe8 30. Re1 Rxe1 31. Qxe1 Qd7 32. Qe6+ Qxe6 33. Nxe6 Bf6 34. Bg5 Bxg5 35. hxg5 Nc6 36. d5 Kf7 37. Nc5 Ne5 38. Ke3 Ke7 39. Kd4 Nd7 40. Nxd7 Kxd7 41. Kc5 f4 42. a3 Kc7 43. Kd4 Kd6 44. Ke4 a5 45. Kd4 h4 46. Ke4 Kc5 47. Ke5 b4 48. axb4+ axb4 49. cxb4+ Kxb4 50. d6 c3 51. d7 c2 52. d8=Q c1=Q 53. Qd4+ Kb5 54. Qxf4 Qc7+ 55. Ke4 Qc4+ 56. Ke3 Qc1+ 57. Ke4 Qc4+ 1/2-1/2

[Event "Turkey IS Bank Super League 2017"]
[Site "Darica-Kocaeli"]
[Date "2017.07.29"]
[Round "4"]
[White "Tarlabasi, Emirhan"]
[Black "Akdogan, Alperen"]
[Result "1/2-1/2"]
[ECO "E12"]
[WhiteElo "2046"]
[BlackElo "2151"]
[Annotator "NA"]
[PlyCount "96"]
[EventType "team-tourn"]
[EventCountry "TUR"]
[SourceTitle "playchess.com"]
[Source "ChessBase"]
[SourceQuality "1"]
[TimeControl "40/5400+30:1800+30"]

1. d4 Nf6 2. c4 e6 3. Nf3 b6 4. a3 c5 5. e3 g6 6. Nc3 Bb7 7. Be2 Bg7 8. O-O O-O $11 9. b3 d5 10. Bb2 Nc6 11. cxd5 Nxd5 12. Nxd5 Qxd5 13. Bc4 Qd7 14. Qe2 cxd4 15. exd4 Nxd4 16. Bxd4 Bxf3 17. Qxf3 Bxd4 18. Rad1 Rfd8 19. a4 Rac8 20. Rc1 Rc5 21. Bb5 Qc7 22. Rxc5 Qxc5 23. Bc4 Rd7 24. g3 Kg7 25. Kg2 e5 26. Rd1 Qe7 27. Qe4 f5 28. Qc6 Rd6 29. Qa8 Rd8 30. Qc6 Qd7 31. Qxd7+ Rxd7 32. Kf1 Kf6 33. Ke2 g5 34. f3 h5 35. Rc1 g4 36. Bb5 gxf3+ 37. Kxf3 e4+ 38. Ke2 Rh7 39. Rc6+ Ke5 40. Bc4 Bc5 41. Re6+ Kd4 42. Rf6 h4 43. Rxf5 hxg3 44. hxg3 Rg7 45. Rd5+ Kc3 46. Re5 Kd4 47. Rd5+ Kc3 48. Re5 Rxg3 1/2-1/2

[Event "Turkey IS Bank Super League 2017"]
[Site "Darica-Kocaeli"]
[Date "2017.07.29"]
[Round "4"]
[White "Celik, Eda"]
[Black "Ayan, Bengu Sena"]
[Result "1/2-1/2"]
[ECO "C04"]
[WhiteElo "1939"]
[BlackElo "1862"]
[Annotator "NA"]
[PlyCount "83"]
[EventType "team-tourn"]
[EventCountry "TUR"]
[SourceTitle "playchess.com"]
[Source "ChessBase"]
[SourceQuality "1"]
[TimeControl "40/5400+30:1800+30"]

1. e4 e6 2. d4 d5 3. Nd2 Nc6 4. Ngf3 Nf6 5. e5 Nd7 6. Nb3 f6 7. Bb5 Be7 8. O-O O-O 9. Bxc6 bxc6 10. exf6 Bxf6 11. Qe2 Qe7 12. Re1 Re8 13. Bf4 c5 14. Bxc7 cxd4 15. Nfxd4 Nb6 16. Bg3 Bd7 17. f4 a5 18. c3 Nc4 19. Nf3 Rab8 20. Rab1 Rbc8 21. Nbd4 Nd6 22. Ne5 Ne4 23. Ng4 Bxd4+ 24. cxd4 Qb4 25. Red1 Ba4 26. Rdc1 Qxd4+ 27. Bf2 Nxf2 28. Qxf2 Qxf2+ 29. Kxf2 Bc2 30. Ra1 d4 31. Ke1 Bf5 32. Ne5 d3 33. Kd2 Rc2+ 34. Rxc2 dxc2 35. Rc1 Rd8+ 36. Ke1 Rb8 37. b3 a4 38. Nc6 Rb6 39. Ne7+ Kf7 40. Nxf5 exf5 41. bxa4 Rb2 42. Kd2 1/2-1/2

[Event "Turkey IS Bank Super League 2017"]
[Site "Darica-Kocaeli"]
[Date "2017.07.29"]
[Round "4"]
[White "Duran, Esma Doga"]
[Black "Yassibag, Ipek Asli"]
[Result "1-0"]
[ECO "A57"]
[WhiteElo "1939"]
[BlackElo "1880"]
[Annotator "NA"]
[PlyCount "111"]
[EventType "team-tourn"]
[EventCountry "TUR"]
[SourceTitle "playchess.com"]
[Source "ChessBase"]
[SourceQuality "1"]
[TimeControl "40/5400+30:1800+30"]

1. d4 c5 2. d5 Nf6 3. c4 b5 4. cxb5 a6 5. b6 d6 6. Nc3 Qxb6 7. e4 g6 8. Nf3 Bg7 9. Nd2 O-O 10. Be2 Nbd7 11. Nc4 Qc7 12. a4 Nb6 13. Na3 a5 14. Nab5 Qd8 15. O-O Ba6 16. Qc2 Ne8 17. Be3 Nc7 18. Rad1 Qd7 19. Nxc7 Qxc7 20. Nb5 Qd7 21. b3 Nc8 22. Bd2 Na7 23. Nc3 Qb7 24. Bc4 Rfb8 25. Rb1 Nc8 26. Qd3 Nb6 27. Nb5 Nc8 28. Rfe1 Na7 29. Nxd6 exd6 30. Bxa6 Qb6 31. Bc4 Nc8 32. Bf4 Qc7 33. Qg3 Be5 34. Bxe5 dxe5 35. Rbd1 Qd6 36. Rc1 Ra7 37. Qe3 Ne7 38. g3 Re8 39. f4 Rc8 40. Rcd1 f6 41. Rf1 Kg7 42. Qc3 Ng8 43. Rf2 Re8 44. Bb5 Ree7 45. Rc1 exf4 46. Rxf4 g5 47. Rf5 h6 48. Qxc5 Qxc5+ 49. Rxc5 Rxe4 50. d6 Rd4 51. Rc7+ Kg6 52. Rxa7 Kxf5 53. d7 Rd1+ 54. Kf2 Ke6 55. Ra8 Ke7 56. Rxg8 1-0

[Event "Turkey IS Bank Super League 2017"]
[Site "Darica-Kocaeli"]
[Date "2017.07.29"]
[Round "4"]
[White "Tirak, Mert"]
[Black "Arat, Ufuk Sezen"]
[Result "1-0"]
[ECO "B15"]
[WhiteElo "1909"]
[BlackElo "2400"]
[Annotator "NA"]
[PlyCount "103"]
[EventType "team-tourn"]
[EventCountry "TUR"]
[SourceTitle "playchess.com"]
[Source "ChessBase"]
[SourceQuality "1"]
[TimeControl "40/5400+30:1800+30"]

1. e4 c6 2. d4 d5 3. Nc3 Qa5 4. exd5 cxd5 5. Bb5+ Bd7 6. Bxd7+ Nxd7 7. Nf3 e6 8. O-O Bd6 9. Re1 Ngf6 $11 10. Qd3 a6 11. Ng5 Qc7 12. h3 O-O 13. a3 h6 14. Nf3 Rfc8 15. Re2 b5 16. Qe3 b4 17. axb4 Bxb4 18. Bd2 Nb6 19. Ne5 Nc4 20. Nxc4 Bxc3 21. Bxc3 dxc4 22. Qe5 Qc6 23. Re3 Nd5 24. Rg3 f6 25. Qh5 Kh8 26. Bd2 Qe8 27. Qh4 Kh7 28. Re1 Rc6 29. Re4 g5 30. Bxg5 fxg5 31. Rxg5 Qf7 32. Rxd5 exd5 33. Re7 Ra7 34. Rxf7+ Rxf7 35. Qh5 Rfc7 36. Qxd5 c3 37. b3 Rf6 38. Qe5 Rcf7 39. d5 Rxf2 40. Qxc3 Rf1+ 41. Kh2 Rd1 42. Qe5 Rf2 43. c4 Rff1 44. d6 Rh1+ 45. Kg3 Rd3+ 46. Kh4 Rhd1 47. c5 Rd5 48. Qe7+ Kg6 49. Qe6+ Kg7 50. c6 Rxd6 51. Qe7+ Kg6 52. c7 1-0

[Event "Turkey IS Bank Super League 2017"]
[Site "Darica-Kocaeli"]
[Date "2017.07.29"]
[Round "4"]
[White "Ayazmali, Gizem"]
[Black "Gundogan, Sinem Cagla"]
[Result "0-1"]
[ECO "D11"]
[WhiteElo "1849"]
[BlackElo "2000"]
[Annotator "NA"]
[PlyCount "96"]
[EventType "team-tourn"]
[EventCountry "TUR"]
[SourceTitle "playchess.com"]
[Source "ChessBase"]
[SourceQuality "1"]
[TimeControl "40/5400+30:1800+30"]

1. Nf3 Nf6 2. g3 d5 3. Bg2 c6 4. d4 Bf5 5. O-O e6 6. c4 dxc4 7. Ne5 Be7 8. Nc3 O-O 9. Nxc4 Na6 10. e4 Bg6 11. Ne5 Qb6 12. Bg5 Rad8 13. Nxg6 hxg6 14. e5 Qxb2 15. exf6 gxf6 16. Bh6 Qxc3 17. Bxf8 Bxf8 18. Qb3 Qb4 19. Rab1 Rxd4 20. Qxb4 Rxb4 21. Rxb4 Nxb4 22. Rb1 b6 23. a3 Nd5 24. Kf1 Bc5 25. Rc1 Kf8 26. Ke2 Ke7 27. Bxd5 exd5 28. f4 f5 29. Kd3 Kd7 30. Rc2 Be7 31. a4 c5 32. Rd2 c4+ 33. Kc2 Kd6 34. h4 Bf6 35. h5 gxh5 36. Rh2 d4 37. Rxh5 Ke6 38. Rh6 a6 39. Rh1 b5 40. axb5 axb5 41. Rb1 Kd5 42. Rxb5+ Ke4 43. Rb4 c3 44. Rb8 d3+ 45. Kc1 Bd4 46. Rb4 Ke3 47. Rc4 c2 48. Rc8 Ke2 0-1